 Dungeon Crawl Stone Soup version 0.20-a0-1073-g49e0d3e (webtiles) character file.

245 Rrauwl the Bolt Thrower (level 6, -1/51 (52) HPs)
             Began as a Ghoul Hunter on Apr 29, 2017.
             Slain by an orc wizard
             ... wielding a +0 dagger
              (2 damage)
             ... on level 4 of the Dungeon.
             The game lasted 00:08:35 (1863 turns).

Rrauwl the Bolt Thrower (Ghoul Hunter)              Turns: 1863, Time: 00:08:35

HP:   -1/51 (52)    AC: 12    Str: 16    XL:     6   Next: 10%
MP:   5/5           EV:  4    Int:  8    God:
Gold: 87            SH:  5    Dex:  9    Spells: 5/5 levels left

rFire    + + .     SeeInvis .   b - +1 hand crossbow
rCold    + + .     Gourm    .   m - +2 buckler
rNeg     + + +     Faith    .   o - +2 plate armour {rF+}
rPois    ∞         Spirit   .   (no helmet)
rElec    +         Reflect  .   (no cloak)
rCorr    +         Harm     .   (no gloves)
MR       .....                  (no boots)
Stlth    ..........             (no amulet)
Regen    0.0/turn               (no ring)
MPRegen  0.1/turn               (no ring)

@: resistant, flying, very slightly contaminated, rotting, invisible
A: rotting body, claws 1, carnivore 3, cold resistance 1, negative energy
resistance 3, inhibited regeneration, torment resistance, unbreathing
a: no special abilities


You were on level 4 of the Dungeon.
You were not hungry.

You visited 1 branch of the dungeon, and saw 4 of its levels.

You collected 177 gold pieces.
You spent 90 gold pieces at shops.

Inventory:

Hand Weapons
 a - a +2 dagger of draining
 b - a +1 hand crossbow (weapon)
Missiles
 d - 69 bolts (quivered)
Armour
 c - a +0 leather armour
 m - a +2 buckler (worn)
 o - a +2 plate armour of fire resistance (worn)
Scrolls
 e - a scroll of immolation {unknown}
 g - a scroll of recharging {unknown}
 i - 4 scrolls of random uselessness {unknown}
 l - 4 scrolls of identify {unknown}
 n - 2 scrolls of fog {unknown}
 p - 2 scrolls of enchant armour
Books
 k - a book of Misfortune

   Spells                             Type                      Level
   a - Confusing Touch                Hexes                        1
   b - Confuse                        Hexes                        3
   c - Gell's Gravitas                Translocation                3
   d - Petrify                        Transmutation/Earth          4
   e - Metabolic Englaciation         Hexes/Ice                    5
   f - Yara's Violent Unravelling     Hexes/Transmutation          5
Comestibles
 f - a meat ration
 h - a royal jelly


   Skills:
 - Level 4.0 Fighting
 + Level 4.6 Crossbows
 - Level 2.1 Armour
 - Level 2.0 Dodging
 - Level 1.1 Stealth
 - Level 2.1 Shields


You had 5 spell levels left.
You didn't know any spells.

Dungeon Overview and Level Annotations

Branches:
Dungeon (4/15)
 Temple: D:4-7

Altars:

Shops:
D:4 *


Innate Abilities, Weirdness & Mutations

Your body is rotting away.
You thrive on raw meat.
You are immune to poison.
You have sharp fingernails.
You are carnivorous and can eat meat at any time.
Your flesh is cold resistant. (rC+)
You are immune to negative energy. (rN+++)
You do not regenerate when monsters are visible.
You are immune to unholy pain and torment.
You can survive without breathing.


Message History

It was a potion of invisibility.
You fade into invisibility!
You are very lightly contaminated with residual magic.
It was a potion of flight.
You feel very buoyant.
You fly up into the air.
The orc wizard gestures at you while chanting.
The magic dart hits you!
The orc wizard hits you but does no damage.
Wield which item (- for none, * to show all)? (? for menu, Esc to quit)
b - a +1 hand crossbow (weapon)
The orc wizard hits you but does no damage.
Firing (i - inventory):
d - 70 bolts (quivered)
Press: ? - help, Shift-Dir - straight line, f - orc priest
Aim: an orc priest, wielding a club and wearing a ring mail (moderately wounded, heavily drained)
You shoot a bolt. The bolt closely misses the orc wizard.
The bolt hits the orc priest.
The orc priest is severely wounded.
The orc wizard hits you with a dagger.
You die...

#.# #.# #.############# #.#
#.............# #.#
##..#####.####.# #.#
#...#####.####.#####.#
..#####.#....##)#..........#
........†.##.....∩.#.#######
.#####.#o#####.####.#
#)#>.o@........#
#o############## ... o.#
#..w #!## #.


You could see an orc priest and an orc wizard.

Vanquished Creatures
  An ogre (D:4)
  Ijyb (D:4)
  4 adders
  4 worms
  2 dart slugs
  3 leopard geckos
  7 orcs
  2 ball pythons
  10 bats
  7 giant cockroaches
  9 goblins
  5 hobgoblins
  3 jackals (D:3)
  9 kobolds
  2 frilled lizards
  6 rats
75 creatures vanquished.

Notes
Turn   | Place    | Note
-------+----------+-------------------------------------------
     0 | D:1      | Rrauwl the Ghoul Hunter began the quest for the Orb.
     0 | D:1      | Reached XP level 1. HP: 17/17 MP: 0/0
    50 | D:1      | Reached XP level 2. HP: 25/25 MP: 1/1
   488 | D:1      | Reached XP level 3. HP: 30/30 MP: 2/2
   705 | D:2      | Reached skill level 1 in Armour
   745 | D:2      | Reached skill level 1 in Shields
   909 | D:2      | Reached XP level 4. HP: 34/38 MP: 3/3
  1368 | D:3      | Reached XP level 5. HP: 38/45 MP: 4/4
  1694 | D:4      | Noticed Ijyb
  1739 | D:4      | Killed Ijyb
  1808 | D:4      | Found Sabipt's General Store.
  1816 | D:4      | Bought a scroll of enchant armour for 90 gold pieces
  1816 | D:4      | Noticed an ogre
  1822 | D:4      | Killed an ogre
  1822 | D:4      | Reached XP level 6. HP: 32/52 MP: 5/5
  1855 | D:4      | HP: 1/52 [orc priest/divine providence (17)]
  1863 | D:4      | Slain by an orc wizard

Vault maps used:
D:1:      lordsloth_arrival_two_stooges, hangedman_abyss_or_decor_stabs,
          minivault_26, minmay_misc_feat_doors
D:2:      first_bread, lemuel_another_geyser
D:4:      serial_shops, shop, uniq_eustachio, uniq_grinder, uniq_ijyb

Skill      XL: |  1  2  3  4  5 |
---------------+----------------+-----
Dodging        | 2 |  2.0
Armour         | 1 2 |  2.1
Crossbows      | 4 |  4.6
Shields        | 1 2 |  2.1
Fighting       | 3 4 |  4.0
Stealth        | |  1.1

Action                   |  1- 3 |  4- 6 || total
-------------------------+-------+-------++-------
Melee: Dagger            |    80 |   168 ||   248
 Fire: Hand crossbow     |    29 |     1 ||    30
  Use: Potion            |     2 |     3 ||     5
  Eat: Chunk             |     1 |     6 ||     7
Armor: Leather armour    |     1 |       ||     1
       Plate armour      |    58 |    77 ||   135
Dodge: Dodged            |    19 |    24 ||    43
Block: Buckler           |    18 |    32 ||    50
